cohdb
Replays
Latest Replays
All Replays
Popular Replays
Top Player Replays
Match Explorer
How It Works
Community
CoH3 Stats
Reddit
Sign in to upload your games and track your stats! →
Sign in with Steam
Match 21557614
Unlisted
Match 21557614
Overview
Messages
Build Orders
End
Panzerpioneer Squad
Panzerpioneer Squad
Selects Italian Infantry
Panzerpioneer Squad
Construct Light Support Kompanie
Assault Grenadier Squad
2.5-tonne Medical Truck
Selects Defensive Operations
Construct Mechanized Kompanie
Panzerjäger Mechanized Group
8 Rad Armored Car
Aymes
TidaL
0
0
Comments
sign in to comment!
No comments posted yet!